 Dungeon Crawl Stone Soup version 0.31-a0-1084-gb392501acf (webtiles) character file.

Game seed: 14806779793645799463

348 CrazyBamboolord the Ruffian (level 6, 0/38 (51) HPs)
             Began as a Draconian Shapeshifter on Nov 28, 2023.
             Slain by an orc wizard
             ... wielding a +1 dagger of draining
              (3 damage)
             ... on level 4 of the Dungeon.
             The game lasted 00:03:49 (3542 turns).

CrazyBamboolord the Ruffian (DrSh)                  Turns: 3542, Time: 00:03:49

HP:   0/38 (51)     AC:  6    Str: 18    XL:     6   Next: 33%
MP:   6/6           EV: 12    Int: 11    God:
Gold: 89            SH:  0    Dex:  8    Spells: 5/5 levels left

rFire   . .          .
                       - Unarmed
rCold   . . .        (no shield)
rNeg    . . .        (body armour unavailable)
rPois   .            (helmet currently unavailable)
rElec   .            (cloak currently unavailable)
rCorr   .            (gloves currently unavailable)
SInv    .            (boots currently unavailable)
Will    .....        (no amulet)
Stlth   +            (no ring)
HPRegen 0.26/turn    (no ring)
MPRegen 0.10/turn

%: clarity
@: beast-form, very heavily drained
A: beast (slay +2), AC +6, unfitting armour, cold-blooded, clarity, clumsy 1, no
potion heal 1
a: Begin Untransformation


You were on level 4 of the Dungeon.
You were a hulking beast.
You visited 2 branches of the dungeon, and saw 5 of its levels.

You collected 89 gold pieces.

Inventory:

Armour
 e - a +0 pair of boots
Talismans
 b - a beast talisman
 c - a flux talisman
Wands
 t - a wand of light (8)
Scrolls
 f - a scroll of fog {unknown}
 h - a scroll of blinking {unknown}
 j - a scroll of noise {unknown}
 l - a scroll of teleportation
 m - a scroll of amnesia {unknown}
 n - 2 scrolls of revelation {unknown}
 o - a scroll of brand weapon {unknown}
 r - a scroll of enchant weapon {unknown}
 s - a scroll of identify {unknown}
Potions
 a - 3 potions of lignification
 g - a potion of mutation
 p - a potion of berserk rage {unknown}
Miscellaneous
 q - a tin of tremorstones (2/2)


   Skills:
 + Level 3.6 Fighting
 + Level 3.3 Dodging
 + Level 4.4 Unarmed Combat
 + Level 4.1 Shapeshifting


You had 5 spell levels left.
You didn't know any spells.
Your spell library contained the following spells:

 Spells                   Type           Power      Damage    Failure   Level
 Summon Small Mammal      Summ           0%         N/A       34%         1
 Ensorcelled Hibernation  Hex/Ice        0%         N/A       47%         2
 Passwall                 Tmut/Erth      0%         N/A       47%         2
 Call Canine Familiar     Summ           0%         N/A       71%         3
 Summon Guardian Golem    Hex/Summ       0%         N/A       71%         3
 Swiftness                Air            0%         N/A       71%         3
 Olgreb's Toxic Radiance  Pois           0%         N/A       98%         4
 Discord                  Hex            0%         N/A       100%        8
 Ignition                 Fire           0%         3d3       100%        8


Dungeon Overview and Level Annotations

Branches:
Dungeon (4/15)             Temple (1/1) D:4

Altars:
Dithmenos
Elyvilon
Fedhas
Kikubaaqudgha
Makhleb
Nemelex Xobeh
Sif Muna
Trog
Uskayaw
Vehumet
Wu Jian
Xom
Yredelemnul

Annotations:
D:4 3 runed translucent doors, bezhaha's ghost, amateur DgAE


Innate Abilities, Weirdness & Mutations

You are a hulking beast.
Your limbs bulge with bestial killing power. (Slay +2)
Your plain brown scales are hard. (AC +6)
You cannot fit into any form of body armour.
You are cold-blooded and may be slowed by cold attacks.
You possess an exceptional clarity of mind.
You are clumsy. (Dex -2)
Potions are less effective at restoring your health.


Message History

You hear some strange, mumbled words.
A magic dart appears from out of thin air!
The magic dart hits you.
It was a potion of mutation.
You feel extremely strange.
Your thoughts seem clearer.
You feel clumsy.
Your system partially rejects the healing effects of potions.
Something hits you.
You feel drained. Something barely misses you.
Unknown command.
You completely miss something. Something hits you.
You feel drained. Something hits you but does no damage.
You bump into the rock wall.
The hobgoblin throws a stone.
The stone barely misses you.
You hear some strange, mumbled words.
A puff of flame appears from out of thin air!
The puff of flame hits you but does no damage.
Something hits you.
You bump into the rock wall.
You hear some strange, mumbled words.
A puff of flame appears from out of thin air!
The puff of flame hits you.
* * * LOW HITPOINT WARNING * * *
Something hits you but does no damage.
Unknown command.
It was a potion of curing.
Your system partially rejects the healing.
You feel better.
You hear some strange, mumbled words.
A puff of flame appears from out of thin air!
The puff of flame hits you!
* * * LOW HITPOINT WARNING * * *
Something hits you but does no damage.
It was a potion of cancellation.
You feel magically purged. Something barely misses you.
Something hits you but does no damage.
It was a potion of magic.
Magic courses through your body.
The hobgoblin throws a stone.
The stone hits you.
* * * LOW HITPOINT WARNING * * *
Something hits you but does no damage.
You feel drained. Something hits you but does no damage.
The hobgoblin throws a stone.
The stone barely misses you. Something hits you.
You die...

## ##.## ... #.#
#.# #o# #o# #.#
############o###
#........h..g..#
#.####.###{#.#.#
#.# #.# #.....#
### ### #.# #.#
#.....#.... ..#
#.# #.###......#
#.# ###.#
#.........#.#
#.# #...#
#######.#####
#.# #.### #.#
#.# #.# ##'##
##.###


You could see an orc and a hobgoblin.

Vanquished Creatures
  An orc priest (D:3)
  An iguana (D:4)
  Ijyb (D:4)
  An orc wizard (D:3)
  8 gnolls
  8 adders
  3 worms
  A dart slug (D:1)
  7 orcs
  4 ball pythons
  9 endoplasms
  3 giant cockroaches
  10 goblins
  8 hobgoblins
  7 jackals
  2 quokkas (D:3)
  4 bats
  3 frilled lizards
  6 kobolds
  6 rats
93 creatures vanquished.

Notes
Turn   | Place    | Note
-------+----------+-------------------------------------------
     0 | D:1      | CrazyBamboolord the Draconian Shapeshifter began the quest
                  | for the Orb.
     0 | D:1      | Reached XP level 1. HP: 16/16 MP: 1/1
    66 | D:1      | Found a faded altar of an unknown god.
   175 | D:1      | Reached XP level 2. HP: 23/23 MP: 2/2
   512 | D:2      | Reached XP level 3. HP: 19/29 MP: 3/3
   572 | D:2      | Found a shimmering altar of Xom.
   843 | D:2      | You fall into a shaft and drop 2 floors!
   864 | D:4      | Reached XP level 4. HP: 13/36 MP: 4/4
  1064 | D:4      | Identified the +0 robe of the Sky {rC++ Int+4}
  1825 | D:2      | Reached XP level 5. HP: 40/44 MP: 5/5
  2845 | D:3      | Reached XP level 6. HP: 39/51 MP: 6/6
  3099 | D:4      | Noticed bezhaha's ghost (amateur DgAE)
  3108 | D:4      | Found a runed translucent gate.
  3108 | D:4      | Found a runed translucent gate.
  3108 | D:4      | Found a runed translucent gate.
  3131 | D:4      | Found a staircase to the Ecumenical Temple.
  3190 | Temple   | Entered the Ecumenical Temple
  3301 | D:4      | Noticed Ijyb
  3303 | D:4      | Found a shimmering blue altar of Sif Muna.
  3316 | D:4      | Killed Ijyb
  3353 | D:4      | Found a blossoming altar of Fedhas.
  3535 | D:4      | Gained mutation: You possess an exceptional clarity of
                  | mind. [potion of mutation]
  3535 | D:4      | Gained mutation: You are clumsy. (Dex -2) [potion of
                  | mutation]
  3535 | D:4      | Gained mutation: Potions are less effective at restoring
                  | your health. [potion of mutation]
  3542 | D:4      | Slain by an orc wizard

Illustrated notes

Levels and vault maps discovered:
D:1:      dpeg_arrival_rooms_c, layout_rooms, ebering_ecumenical_altar_petrified
D:2:      layout_basic, basic_altar
D:3:      minmay_octagon_keep, layout_loops_corners, minmay_unequal
D:4:      layout_loops_corners, chequers_temple_overflow_statue_of_worship,
          minmay_temple_entry_wispy, gammafunk_ghost_split, kennysheep_dice,
          uniq_ijyb
Temple:   nicolae_temple_bog_church

Skill      XL: |  1  2  3  4  5 |
---------------+----------------+-----
Dodging        | 2 3 |  3.3
Fighting       | 2 3 |  3.6
Unarmed Combat | 4 |  4.4
Shapeshifting  | 4 |  4.1

Action                     |  1- 3 |  4- 6 || total
---------------------------+-------+-------++-------
  Melee: Unarmed           |    93 |   179 ||   272
         Tailslap          |     7 |    20 ||    27
         Punch             |     1 |     7 ||     8
    Use: Scroll            |       |     1 ||     1
         Potion            |       |     4 ||     4
 Armour: Skin              |    46 |   111 ||   157
  Dodge: Dodged            |    46 |   104 ||   150

Table legend: (Time is in decaauts)
 A = Elapsed time spent in this place.
 B = Non-inter-level travel time spent in this place.
 C = Inter-level travel time spent in this place.
 D = Time resting spent in this place.
 E = Time spent auto-exploring this place.
 F = Levels seen in this place.
 G = Mean time per level.
                   A        B        C        D        E       F      G
               +--------+--------+--------+--------+--------+-----+--------+
         Total |   3527 |   3428 |     99 |    392 |   2362 |   5 |  705.4 |
       Dungeon |   3525 |   3426 |     99 |    392 |   2362 |   4 |  881.2 |
        Temple |      1 |      1 |      0 |      0 |      0 |   1 |    1.0 |
               +--------+--------+--------+--------+--------+-----+--------+

Top non-repeatable levels by time:
     D:3: 1384 daAuts
     D:2: 912 daAuts
     D:4: 729 daAuts
     D:1: 498 daAuts
  Temple: 1 daAuts
